 Seeded DCSS version 0.29.1-1-gd02db6906a (webtiles) character file.

Game seed: 10389257799748471964 (custom seed)

5768 hikkokomori the Zephyrmancer (level 10, 0/61 HPs)
             Began as a Tengu Air Elementalist on Oct 14, 2022.
             Was a Believer of Vehumet.
             Killed by their own static electricity (6 damage)
             ... on level 8 of the Dungeon.
             The game lasted 00:36:33 (13020 turns).

hikkokomori the Zephyrmancer (TeAE)                Turns: 13020, Time: 00:36:34

Health: 0/61       AC:  7    Str:  9    XL:     10   Next: 78%
Magic:  15/21      EV: 17    Int: 19    God:    Vehumet [**....]
Gold:   1386       SH:  0    Dex: 15    Spells: 6/23 levels left

rFire   . . .      SeeInvis +   K - +4 long sword
rCold   . . .      Faith    .   (no shield)
rNeg    + . .      Spirit   .   a - +1 robe
rPois   .          Reflect  .   (helmet restricted)
rElec   .          Harm     .   A - +0 cloak
rCorr   .          Rampage  .   L - +2 pair of gloves
Will    +....                   (boots unavailable)
Stlth   ++++......              (no amulet)
HPRegen 0.20/turn               E - ring "Lienuod" {rN+ Will+ Stlth+}
MPRegen 0.17/turn               x - ring of see invisible

@: flying quickly and evasively, slowed, very slow
A: beak, talons 3, nimble flight
a: Renounce Religion


You were on level 8 of the Dungeon.
You worshipped Vehumet.
Vehumet was pleased with you.
You visited 2 branches of the dungeon, and saw 10 of its levels.
You also visited: Sewer.

You collected 1498 gold pieces.
You spent 112 gold pieces at shops.

Inventory:

Hand Weapons
 h - a +0 short sword
 m - a +0 falchion
 B - a +2 flail of holy wrath
 F - a +2 whip of venom
 K - a +4 long sword (weapon)
Armour
 a - a +1 robe (worn)
 c - a +1 pair of gloves
 A - a +0 cloak (worn)
 L - a +2 pair of gloves (worn)
Jewellery
 k - a ring of resist corrosion
 x - a ring of see invisible (right hand)
 E - the ring "Lienuod" (left hand) {rN+ Will+ Stlth+}
   (You acquired it on level 7 of the Dungeon)

   [ring of positive energy]

   rN:        It protects you from negative energy.
   Will:      It increases your willpower.
   Stlth:     It makes you more stealthy.
 G - an amulet of regeneration
 H - a ring of willpower
Scrolls
 d - 3 scrolls of amnesia {unknown}
 f - 2 scrolls of magic mapping
 g - 2 scrolls of poison
 j - 2 scrolls of summoning {unknown}
 p - a scroll of brand weapon {unknown}
 r - a scroll of enchant armour
 v - a scroll of butterflies
 w - a scroll of immolation {unknown}
 y - 2 scrolls of enchant weapon {unknown}
 I - 2 scrolls of blinking {unknown}
Potions
 b - 2 potions of mutation
 e - 2 potions of attraction
 i - 6 potions of haste
 l - a potion of lignification
 n - a potion of might
 o - 2 potions of cancellation
 s - a potion of resistance
 t - a potion of invisibility {unknown}
 u - 4 potions of ambrosia
 z - a potion of degeneration
 C - a potion of berserk rage {unknown}
 D - a potion of brilliance


   Skills:
 + Level 6.4 Fighting
 - Level 5.9 Dodging
 - Level 4.0 Stealth
 - Level 7.3 Spellcasting
 + Level 11.6 Conjurations
 + Level 12.3 Air Magic


You had 6 spell levels left.
You knew the following spells:

 Your Spells              Type           Power      Damage    Failure   Level
a - Shock                 Conj/Air       100%       1d9       1%          1
b - Searing Ray           Conj           100%       2d8       1%          2
c - Lightning Bolt        Conj/Air       25%        1d41      1%          5
d - Airstrike             Air            26%        2d(4-20)  1%          4
e - Ozocubu's Armour      Ice            6%         N/A       30%         3
f - Static Discharge      Conj/Air       51%        3-10/arc  1%          2

Your spell library contained the following spells:

 Spells                   Type           Power      Damage    Failure   Level
 Poisonous Vapours        Pois/Air       60%        N/A       1%          2
 Magic Dart               Conj           100%       1d8       1%          1
 Swiftness                Air            52%        N/A       1%          3
 Fulminant Prism          Conj/Hex       14%        3d9       9%          4
 Maxwell's Capacitive Co  Air            26%        ∞         99%         8
 Ozocubu's Refrigeration  Ice            3%         4d8       100%        7


Dungeon Overview and Level Annotations

Branches:
Dungeon (9/15)             Temple (1/1) D:6           Sewer (visited)
   Lair: D:8-11         Orc: D:9-12

Altars:
Ashenzari
Dithmenos
Elyvilon
Fedhas
Hepliaklqana
Kikubaaqudgha
Makhleb
Okawaru
Qazlal
Ru
Sif Muna
Trog
Vehumet
Wu Jian
Xom
Yredelemnul
Zin

Shops:
D:5 ?


Innate Abilities, Weirdness & Mutations

You have a beak for a mouth.
You have claws for feet.
Your magical nature lets you fly swiftly and evasively.


Message History

You are struck by an arc of lightning.
* * * LOW HITPOINT WARNING * * *
The wraith is struck by an arc of lightning.
The wraith is almost destroyed.
The lightning grounds out.
You feel sick. The orc warrior barely misses you. The wraith hits you!
* * * LOW HITPOINT WARNING * * *
Unknown command.
Unknown command.
Okay, then.
Okay, then.
You feel much better.
You feel sick.
You are no longer poisoned.
The orc warrior misses you. The wraith hits you! The wraith drains your vigour!
You feel as though you will be slow longer.
The orc misses you.
The orc warrior hits you from afar with a +0 glaive.
The wraith closely misses you. The orc misses you.
The orc wizard gestures at you while chanting.
The magic dart hits you.
* * * LOW HITPOINT WARNING * * *
The orc warrior completely misses you. The wraith hits you!
* * * LOW HITPOINT WARNING * * *
The wraith drains your vigour!
You feel as though you will be slow longer.
The orc closely misses you.
You fly upwards.
There is a stone staircase leading down, spattered with blood here.
Unknown command.
Casting: Static Discharge (safe; 1% risk of failure)
Confirm with . or Enter, or press ? or * to list all spells.
The wraith is struck by an arc of lightning.
The wraith is almost destroyed.
You are struck by an arc of lightning.
* * * LOW HITPOINT WARNING * * *
The lightning grounds out.
The orc wizard is struck by an arc of lightning.
The orc wizard is moderately wounded.
You are struck by an arc of lightning.
You die...

.# #.## ##...# .# #..# #####....#
.# ##.# #......÷.# .# #.#
#.#.#.#))# .# #.# #........# .#
#.# #.#.#.#..## .# #.#
#.........# .#
######.##########.#.#.#)#.# .#
#..........W@o.##......)#.#
.####.####.#######.######.###.#
......# #.# #.# #.# #.## #######
#.#######.######.###..## #
#......................#
##########.###............####..#
...........# #..#...####### #..#
.#########.# #..#.#.# #..# .#
#..# #..#.#.# #..#


You could see a wraith and an orc wizard.

Vanquished Creatures
  A two-headed ogre (D:8)
  A hornet (D:7)
  8 yaks
  Menkaure (D:6)
  Edmund (D:6)
  A water moccasin (D:7)
  4 orc warriors (D:8)
  An ice beast (D:7)
  A black bear (D:7)
  2 ogres
  A centaur (D:6)
  2 phantoms
  6 kobold brigands
  5 bullfrogs
  2 necrophages
  A gnoll sergeant (D:7)
  3 scorpions
  4 wights (D:8)
  4 killer bees
  2 centaur zombies (D:4)
  3 hounds
  A bullfrog zombie (D:4)
  A centaur skeleton (D:4)
  2 orc priests
  A jelly (D:5)
  Crazy Yiuf (D:6)
  5 orc wizards
  A scorpion zombie (D:4)
  10 adders
  7 gnolls
  8 river rats (Sewer)
  A shadow imp (D:7)
  An ufetubus (D:5)
  An adder skeleton (D:4)
  An adder zombie (D:4)
  A worm (D:2)
  A dart slug (D:2)
  31 orcs
  3 endoplasms
  5 giant cockroaches
  9 goblins
  7 hobgoblins
  4 quokkas
  9 ball pythons
  8 bats
  3 frilled lizards
  27 kobolds
  26 rats
  A spectral orc (D:4)
230 creatures vanquished.

Vanquished Creatures (others)
  3 fungi
  2 plants (D:9)
  2 withered plants (D:4)
7 creatures vanquished.

Grand Total: 237 creatures vanquished

Notes
Turn   | Place    | Note
-------+----------+-------------------------------------------
     0 | D:1      | hikkokomori the Tengu Air Elementalist began the quest for
                  | the Orb.
     0 | D:1      | Reached XP level 1. HP: 10/10 MP: 4/4
   311 | D:1      | Reached XP level 2. HP: 15/15 MP: 3/6
  1094 | D:1      | Identified a scroll of acquirement
  1094 | D:1      | Acquired a book of Conjurations
  1099 | D:1      | Learned a level 2 spell: Searing Ray
  1181 | D:2      | Reached XP level 3. HP: 19/19 MP: 7/7
  1333 | D:2      | Found a basalt altar of Yredelemnul.
  1868 | D:2      | Found a faded altar of an unknown god.
  2266 | D:2      | Reached XP level 4. HP: 24/24 MP: 8/8
  2625 | D:3      | Found a glowing drain.
  3059 | Sewer    | Entered a sewer
  3150 | Sewer    | Gained mutation: Your magical nature lets you fly swiftly
                  | and evasively. [Tengu growth]
  3150 | Sewer    | Reached XP level 5. HP: 20/28 MP: 2/10
  3406 | Sewer    | Noticed a kobold brigand
  3418 | Sewer    | Killed a kobold brigand
  3419 | Sewer    | Reached skill level 1 in Fighting
  3419 | Sewer    | Reached skill level 5 in Air Magic
  3447 | Sewer    | Reached skill level 10 in Air Magic
  3447 | Sewer    | Reached XP level 6. HP: 28/34 MP: 4/16
  3454 | Sewer    | Learned a level 5 spell: Lightning Bolt
  3459 | Sewer    | Learned a level 4 spell: Airstrike
  3894 | Sewer    | Reached XP level 7. HP: 28/39 MP: 6/18
  4840 | D:4      | Found a hazy altar of Hepliaklqana.
  4923 | D:4      | Reached XP level 8. HP: 30/45 MP: 1/19
  5204 | D:4      | Found a basalt altar of Yredelemnul.
  5257 | D:4      | Found a white marble altar of Elyvilon.
  5609 | D:5      | Entered Level 5 of the Dungeon
  6447 | D:5      | Noticed a water elemental
  6449 | D:5      | Found a stormy altar of Qazlal.
  6451 | D:5      | Noticed an air elemental
  6640 | D:5      | Found Tesoleim's Magic Scroll Boutique.
  6648 | D:5      | Bought a scroll of identify for 28 gold pieces
  6648 | D:5      | Bought a scroll of identify for 28 gold pieces
  6648 | D:5      | Bought a scroll of identify for 28 gold pieces
  6648 | D:5      | Bought a scroll of identify for 28 gold pieces
  6981 | D:6      | Reached skill level 10 in Conjurations
  7213 | D:6      | Noticed Edmund
  7221 | D:6      | Killed Edmund
  7230 | D:6      | Acquired 1054 gold pieces
  7408 | D:6      | Noticed Menkaure
  7413 | D:6      | Killed Menkaure
  7859 | D:6      | Reached XP level 9. HP: 51/51 MP: 14/20
  8138 | D:6      | Reached skill level 5 in Dodging
  8389 | D:6      | Found a runed translucent door.
  8390 | D:6      | Noticed Crazy Yiuf
  8424 | D:6      | Found a staircase to the Ecumenical Temple.
  8656 | D:6      | Killed Crazy Yiuf
  8699 | Temple   | Entered the Ecumenical Temple
  8704 | Temple   | Became a worshipper of Vehumet
  8888 | D:7      | Acquired the ring "Lienuod" {rN+ Will+ Stlth+}
  9099 | D:7      | Reached skill level 11 in Air Magic
  9359 | D:7      | Found a bloodstained altar of Trog.
  9419 | D:7      | Noticed a hornet
  9439 | D:7      | Killed a hornet
 10002 | D:7      | Reached skill level 5 in Fighting
 10002 | D:7      | Reached XP level 10. HP: 59/59 MP: 10/21
 10506 | D:8      | Reached * piety under Vehumet
 10506 | D:8      | Offered knowledge of Foxfire by Vehumet.
 10904 | D:8      | Found a sacrificial altar of Ru.
 11252 | D:8      | Noticed an unseen horror
 11316 | D:8      | Noticed a two-headed ogre
 11324 | D:8      | Killed a two-headed ogre
 11463 | D:8      | Reached skill level 12 in Air Magic
 11689 | D:8      | Reached ** piety under Vehumet
 11829 | D:8      | Offered knowledge of Poisonous Vapours by Vehumet.
 12735 | D:8      | Learned a level 3 spell: Ozocubu's Armour
 12738 | D:8      | Learned a level 2 spell: Static Discharge
 13020 | D:8      | Killed from afar by themself

Illustrated notes

Levels and vault maps discovered:
D:1:      minmay_arrival_open_corners, layout_basic, serial_glass,
          glass_columns_c, glass_columns_a, minmay_tree_intersection
D:2:      layout_loops_corners, basic_altar, ebering_ecumenical_altar_hall
D:3:      layout_basic, gup_sewer_entry_glass, minmay_misc_feat_secret_circle
D:4:      wander_river, layout_rooms, yredelemnul_forgotten_temple_becter,
          lemuel_coloured_pillars_altar, mainiacjoe_overflow_alcove_2,
          serial_undead, serial_undead_e, serial_undead_b, serial_undead_c,
          serial_undead_a
D:5:      layout_layer_cave, nicolae_qazlal_style_of_elements, serial_rivers,
          chequers_serial_rivers_room_a, chequers_serial_rivers_room_b,
          chequers_serial_rivers_small_b, chequers_serial_rivers_small_3,
          chequers_serial_rivers_small_3, serial_shops, nicolae_lakefront_shop
D:6:      layout_loops_corners, temple_hall, uniq_edmund,
          uniq_crazy_yiuf_cottage, uniq_menkaure
D:7:      layout_basic, trog_three_pillars_becter
D:8:      layout_loops_ring, nicolae_ru_path_of_blood, special_room
          [special_room_orc], serial_glass, glass_columns_b, glass_columns_a,
          item_on_display_a, minmay_strange_pillars, due_unseen_surprise,
          unseen_surprise_small, serial_bayou_pond_c
D:9:      lemuel_ice_spiral_2, layout_rooms, slow_altar_2,
          grunt_lair_entry_orc_guard_hut, erik_orc_1
Temple:   minmay_freezing_vapour_temple

Skill      XL: |  1  2  3  4  5  6  7  8  9 10 |
---------------+-------------------------------+-----
Conjurations   | 2 3 9 10 11 | 11.6
Dodging        | 3 4 5 |  5.9
Fighting       | 1 2 3 5 6 |  6.4
Air Magic      | 10 11 12 | 12.3
Spellcasting   | 6 7 |  7.3
Stealth        | 3 4 |  4.0

Action                   |  1- 3 |  4- 6 |  7- 9 | 10-12 || total
-------------------------+-------+-------+-------+-------++-------
Melee: Unarmed           |    14 |       |       |       ||    14
       Kick              |    20 |     6 |    52 |    27 ||   105
       Peck              |     6 |     4 |    35 |    26 ||    71
       Short sword       |    56 |    23 |       |       ||    79
       Falchion          |       |    14 |   108 |       ||   122
       Punch             |       |       |     6 |     1 ||     7
       Flail             |       |       |    56 |   113 ||   169
 Cast: Shock             |    27 |    27 |     8 |       ||    62
       Searing Ray       |     1 |     1 |     4 |       ||     6
       Lightning Bolt    |       |     5 |    51 |    49 ||   105
       Airstrike         |       |       |     2 |       ||     2
       Static Discharge  |       |       |       |     4 ||     4
  Use: Scroll            |     5 |     1 |    10 |     3 ||    19
       Potion            |       |     2 |     2 |     4 ||     8
 Stab: Sleeping          |    10 |     2 |     6 |       ||    18
Armor: Robe              |     8 |    27 |    49 |    38 ||   122
Dodge: Dodged            |    55 |    68 |   194 |   207 ||   524
